 Dungeon Crawl Stone Soup version 0.25.1-1-g288607f5aa (webtiles) character file.

Game seed: 13538035338688091075

21 Atelerd the Conjurer (level 2, 0/17 HPs)
             Began as an Octopode Conjurer on July 27, 2020.
             Succumbed to an adder's poison
             ... on level 2 of the Dungeon.
             The game lasted 00:00:46 (1108 turns).

Atelerd the Conjurer (Octopode Conjurer)            Turns: 1108, Time: 00:00:47

Health: 0/17       AC:  8    Str:  4 (7)  XL:     2   Next: 87%
Magic:  5/5        EV: 13    Int: 16 (17) God:
Gold:   26         SH:  0    Dex: 10 (12) Spells: 5/6 levels left

rFire    . . .     SeeInvis .   i - +2 dagger (protect)
rCold    . . .     Gourm    .   (no shield)
rNeg     . . .     Faith    .   (helmet restricted)
rPois    .         Spirit   .   (no amulet)
rElec    .         Reflect  .   (no ring)
rCorr    .         Harm     .   (no ring)
MR       .....                  (no ring)
Stlth    +++.......             (no ring)
HPRegen  0.05/turn              (no ring)
MPRegen  0.09/turn              (no ring)
                                (no ring)
                                (no ring)

@: lethally poisoned (0 -> -5), protection aura, stab
A: almost no armour, stealthy swim, amphibious, 8 rings, constrict 8, camouflage
1, gelatinous body 1
a: no special abilities


You were on level 2 of the Dungeon.
You were hungry.

You visited 1 branch of the dungeon, and saw 2 of its levels.

You collected 26 gold pieces.

Inventory:

Hand Weapons
 h - a +0 spear
 i - a +2 dagger of protection (weapon)
Scrolls
 c - 2 scrolls of amnesia {unknown}
 e - 2 scrolls of identify {unknown}
 f - a scroll of remove curse {unknown}
Potions
 d - a potion of degeneration
Comestibles
 b - 2 rations


   Skills:
 - Level 2.0 Dodging
 + Level 3.8 Stealth
 + Level 2.6 Spellcasting
 - Level 4.0 Conjurations


You had 5 spell levels left.
You knew the following spells:

 Your Spells              Type           Power        Failure   Level  Hunger
a - Magic Dart            Conj           ##..         3%          1    #......

Your spell library contained the following spells:

 Spells                   Type           Power        Failure   Level  Hunger
 Searing Ray              Conj           ##....       6%          2    ##.....
 Dazzling Flash           Conj/Hex       #.....       26%         3    ###....
 Fulminant Prism          Conj/Hex       #.........   65%         4    #####..
 Iskenderun's Mystic Bla  Conj/Tloc      #.......     65%         4    #####..


Dungeon Overview and Level Annotations

Branches:
Dungeon (2/15)

Altars:


Innate Abilities, Weirdness & Mutations

You cannot wear most types of armour.
You are very stealthy in the water. (Stealth+)
You are amphibious.
You can wear up to eight rings at the same time.
You can use your tentacles to constrict eight enemies at once.
Your skin changes colour to match your surroundings (Stealth+).
Your rubbery body absorbs attacks. (AC +1, EV +1)


Message History

You are too injured to fight recklessly!
There are monsters nearby!
The adder closely misses you. The kobold misses you.
You feel sick. The adder misses you. The kobold hits you with a +0 dagger.
It was a potion of degeneration.
There was something very wrong with that liquid.
You feel weakened.
You feel dopey.
You feel clumsy. The adder bites you but does no damage.
The kobold hits you with a +0 dagger.
* * * LOW HITPOINT WARNING * * *
The adder closely misses you.
It was a potion of cancellation.
You feel magically purged. The adder misses you. The kobold closely misses you.
It was a potion of stabbing.
You feel ready to backstab. The adder closely misses you.
The kobold hits you but does no damage.
You hit the adder.
Your weapon exudes an aura of protection.
Your grab misses the adder.
The adder is heavily wounded.
You die...

#...# ###...# #.....#
##### #.#...# #....
##.#...## #....
#..#....#
#...<#######.##....###
###............##.......
#.....K@#######...##.##.
..###.S..####...####....
###..#....### #..##
#####..#.#### #..#
!.........# .....
.#####...## ..###.#
###.. ## .. #... #....


You could see an adder and a kobold.

Vanquished Creatures
  2 dart slugs (D:1)
  A leopard gecko (D:1)
  A bat (D:1)
  3 hobgoblins (D:1)
  A kobold (D:1)
  A frilled lizard (D:1)
  3 goblins (D:1)
  5 rats (D:1)
17 creatures vanquished.

Notes
Turn   | Place    | Note
-------+----------+-------------------------------------------
     0 | D:1      | Atelerd the Octopode Conjurer began the quest for the Orb.
     0 | D:1      | Reached XP level 1. HP: 11/11 MP: 3/3
   263 | D:1      | Reached XP level 2. HP: 17/17 MP: 5/5
  1108 | D:2      | Succumbed to an adder's poison

Illustrated notes

Levels and vault maps discovered:
D:1:      dpeg_arrival_tiny_h, layout_basic, minmay_pentomino_x2
D:2:      layout_rooms, uniq_sigmund, uniq_natasha

Skill      XL: |  1 |
---------------+----+-----
Stealth        | 3 |  3.8
Dodging        | |  2.0
Spellcasting   | |  2.6
Conjurations   | |  4.0

Action                   || total
-------------------------++-------
Melee: Unarmed           ||    28
       Constrict         ||    11
       Tentacles         ||    11
       Spear             ||    13
       Dagger            ||     7
  Use: Potion            ||     3
 Stab: Sleeping          ||     7
Armor: Skin              ||     4
Dodge: Dodged            ||    28
